 Dungeon Crawl Stone Soup version 0.28.0-53-g5a82cb258f (webtiles) character file.

Game seed: 16292758811982039828

7 moldycheese5 the Skirmisher (level 1, 0/18 HPs)
             Began as a Demonspawn Abyssal Knight on June 17, 2022.
             Was a Follower of Lugonu.
             Slain by a gnoll
             ... wielding a +0 club
              (2 damage)
             ... on level 2 of the Dungeon.
             The game lasted 00:00:31 (712 turns).

moldycheese5 the Skirmisher (DsAK)                   Turns: 712, Time: 00:00:33

Health: 0/18       AC:  3    Str: 13    XL:     1   Next: 91%
Magic:  2/2        EV: 11    Int: 11    God:    Lugonu [*.....]
Gold:   22         SH:  0    Dex: 13    Spells: 0/0 levels left

rFire   . . .      SeeInvis .   a - +1 falchion
rCold   . . .      Faith    .   (no shield)
rNeg    . . .      Spirit   .   b - +0 leather armour
rPois   .          Reflect  .   (no helmet)
rElec   .          Harm     .   (no cloak)
rCorr   .          Rampage  .   (no gloves)
Will    .....                   (no boots)
Stlth   +.........              (no amulet)
HPRegen 0.06/turn               (no ring)
MPRegen 0.08/turn               (no ring)

@: no status effects
A: no striking features
a: Renounce Religion, Depart the Abyss


You were on level 2 of the Dungeon.
You worshipped Lugonu.
Lugonu was aware of your devotion.
You visited 1 branch of the dungeon, and saw 2 of its levels.
You visited the Abyss 1 time.

You collected 22 gold pieces.

Inventory:

Hand Weapons
 a - a +1 falchion (weapon)
Armour
 b - a +0 leather armour (worn)
Scrolls
 c - a scroll of amnesia {unknown}


   Skills:
 + Level 3.2 Fighting
 + Level 2.0 Long Blades
 + Level 1.9 Armour
 + Level 0.8 Dodging
 + Level 2.5 Invocations


You couldn't memorise any spells.
You didn't know any spells.
Your spell library was empty.

Dungeon Overview and Level Annotations

Branches:
Dungeon (2/15)

Altars:


Message History

The rat bites you.
You slash the rat!
You kill the rat!
Lugonu accepts your kill.
No target in view!
No target in view!
HP restored.
You see here a rat corpse.
You see here a +0 robe.
Found 18 sling bullets.
A gnoll comes into view. It is wielding a +0 spear.
A gnoll is nearby!
A gnoll is nearby!
A gnoll is nearby!
The gnoll shouts!
A gnoll comes into view. It is wielding a +0 club.
A gnoll comes into view. It is wielding a +0 spear.
The gnoll shouts!
You hear a shout!
The gnoll hits you from afar with a +0 spear.
The gnoll barely misses you.
You hit the gnoll.
The gnoll is lightly wounded.
The gnoll closely misses you.
A goblin comes into view. It is wielding a +0 dagger.
You barely miss the gnoll.
The gnoll is lightly wounded.
The gnoll barely misses you. The gnoll hits you with a +0 club.
You are too injured to fight recklessly!
You are too injured to fight recklessly!
You are too injured to fight recklessly!
The gnoll barely misses you.
A hobgoblin comes into view.
You barely miss the gnoll. The gnoll closely misses you. The gnoll misses you.
You hit the gnoll.
The gnoll is heavily wounded.
The gnoll closely misses you.
The gnoll hits you from afar with a +0 spear.
* * * LOW HITPOINT WARNING * * *
The gnoll hits you with a +0 club.
You die...

#.....#...##(#
#.....##.###.#
.........# #.#
##...##### #..
##.##########
#.# #......##
#.# #.#.###.##
# ###.###..##
##.#####.#####
.........#
#..@ggg......
.........#
#..###g.####.
#.#.####..#
#...# .....
#.#.#
#.#...#..#
..##.# #.#.#
#.#....... ...
g. #.#.#
.....(....
..## . #.#.#
..#...#.##.
### #.#..
.##.... #.###


You could see 3 gnolls and a goblin.

Vanquished Creatures
  An endoplasm (D:2)
  A giant cockroach (D:1)
  A hobgoblin (D:1)
  A bat (D:2)
  A frilled lizard (D:1)
  2 kobolds (D:1)
  A rat (D:2)
8 creatures vanquished.

Notes
Turn   | Place    | Note
-------+----------+-------------------------------------------
     0 | Abyss:1  | moldycheese5 the Demonspawn Abyssal Knight began the quest
                  | for the Orb.
     0 | Abyss:1  | Reached XP level 1. HP: 18/18 MP: 2/2
     0 | D:1      | Escaped the Abyss
   222 | D:1      | Reached * piety under Lugonu
   712 | D:2      | Slain by a gnoll

Illustrated notes

Levels and vault maps discovered:
D:1:      matt_arrival_los_fun, layout_rooms, roderic_three_in_a_row,
          minivault_23
D:2:      layout_loops_ring

Skill      XL: |  1 |
---------------+----+-----
Long Blades    | 2 |  2.0
Fighting       | |  3.2
Armour         | |  1.9
Dodging        | |  0.8
Invocations    | |  2.5

Action                   || total
-------------------------++-------
Melee: Falchion          ||    25
Invok: Depart the Abyss  ||     1
 Stab: Sleeping          ||     1
Armor: Leather armour    ||     8
Dodge: Dodged            ||    20
